 Dungeon Crawl Stone Soup version 0.18.1-50-g88ac8fd (webtiles) character file.

113348 magog001 the Severer (level 16, -4/149 HPs)
             Began as a Minotaur Fighter on Sept 16, 2018.
             Was a High Priest of Nemelex Xobeh.
             Slain by a frost giant
             ... wielding a +2 battleaxe of freezing
              (20 damage)
             ... on level 15 of the Dungeon.
             The game lasted 02:10:55 (27465 turns).

magog001 the Severer (Minotaur Fighter)            Turns: 27465, Time: 02:10:55

Health: -4/149     AC: 23    Str: 33      XL:     16   Next: 13%
Magic:  17/17      EV:  8    Int:  4 (5)  God:    Nemelex Xobeh [*****.]
Gold:   615        SH: 18    Dex: 15      Spells: 0 memorised, 17 levels left

rFire  . . .     SeeInvis +     B - +2 war axe (freeze)
rCold  . . .     Gourm    .     h - +0 plate armour of Vanity {*Confuse +Inv rPois SInv}
rNeg   . . .     Faith    .     T - +2 shield
rPois  +         Spirit   .     (helmet restricted)
rElec  .         Dismiss  .     (no cloak)
rCorr  .         Reflect  .     K - +0 pair of gloves {Str+3}
SustAt .         Harm     .     p - +0 pair of boots
MR     +....                    P - amulet of rage
Stlth  ..........               m - +3 ring of protection
                                w - +5 ring of strength

@: somewhat resistant to hostile enchantments, extremely unstealthy
A: retaliatory headbutt, horns 2, talons 1, agile 1, deterioration 1
a: Triple Draw, Deal Four, Stack Five, Renounce Religion, Evoke Berserk Rage,
Evoke Invisibility


You were on level 15 of the Dungeon.
You worshipped Nemelex Xobeh.
Nemelex Xobeh was extremely pleased with you.
You were not hungry.

You visited 4 branches of the dungeon, and saw 19 of its levels.
You also visited: Sewer and Bailey.

You collected 1841 gold pieces.
You spent 1194 gold pieces at shops.

Inventory:

Hand Weapons
 s - a +2 dagger of venom
 B - a +2 war axe of freezing (weapon)
Missiles
 b - 65 tomahawks of returning (quivered)
Armour
 h - the +0 plate armour of Vanity (worn) {*Confuse +Inv rPois SInv}
   (You found it on level 8 of the Dungeon)

   It protects you from poison.
   It lets you see invisible.
   It lets you turn invisible.
   It may confuse you when you take damage.
 p - a +0 pair of boots (worn)
 K - a +0 pair of gloves of strength (worn)
 T - a +2 shield (worn)
Jewellery
 j - a +2 ring of evasion
 m - a +3 ring of protection (right hand)
 n - an uncursed ring of ice
 w - a +5 ring of strength (left hand)
 P - an amulet of rage (around neck)
Wands
 r - a wand of confusion (23/48)
 u - a wand of confusion (22/48)
 C - a wand of flame (37/48)
 J - a wand of lightning (1/15)
 L - a wand of teleportation (5/9)
 R - a wand of iceblast (11/15)
 V - a wand of disintegration (11/24)
Scrolls
 e - 6 scrolls of identify
 i - 5 scrolls of remove curse
 k - a scroll of fog
 o - 3 scrolls of teleportation
 x - 2 scrolls of fear
 y - a scroll of recharging
 X - a scroll of enchant armour {unknown}
Potions
 l - a potion of curing
 q - 5 potions of magic
 t - a potion of brilliance
 v - 2 potions of flight
Miscellaneous
 a - an ornate deck of destruction {drawn: 5}
 c - a plain deck of wonders {drawn: 1}
 d - a plain deck of war
 g - an ornate deck of destruction
 z - a legendary deck of destruction {drawn: 2}
 A - a legendary deck of war {drawn: 5}
 D - a plain deck of war {drawn: 3}
 G - a plain deck of destruction {drawn: 2}
 H - a plain deck of escape
 I - a plain deck of escape
 M - a phial of floods
 N - an ornate deck of escape {drawn: 4}
 O - a legendary deck of war
 Q - a legendary deck of war
 U - an ornate deck of escape {drawn: 1}
Comestibles
 f - 6 bread rations
 E - 2 beef jerkies
 F - 10 royal jellies
 S - 6 fruits
 W - 4 chunks of flesh


   Skills:
 * Level 15.1 Fighting
 * Level 17.6 Axes
 - Level 1.3 Throwing
 * Level 15.7 Armour
 + Level 2.4 Stealth
 * Level 17.0 Shields
 + Level 1.4 Spellcasting
 - Level 0.1 Evocations


You had 17 spell levels left.
You didn't know any spells.

Dungeon Overview and Level Annotations

Branches:
Dungeon (15/15)            Temple (1/1) D:5            Lair (0/8) D:11
    Orc (2/2) D:12            Elf (1/3) Orc:2        Vaults (0/5) D:14
 Depths (0/5) D:15

Altars:
Ashenzari
Dithmenos
Elyvilon
Fedhas
Gozag
Kikubaaqudgha
Makhleb
Nemelex Xobeh
Okawaru
Pakellas
Qazlal
Ru
Sif Muna
Trog
Vehumet
Xom
Yredelemnul
Zin
The Shining One
Beogh

Shops:
D:6 :[   D:8 (   D:14 (   Orc:2 (:[?*%*   Elf:1 [


Innate Abilities, Weirdness & Mutations

You reflexively headbutt those who attack you in melee.
You have a pair of horns on your head.
You have sharp toenails.
You are agile. (Dex +2)
Your body sometimes deteriorates upon taking damage.


Message History

Zapping:
V - a wand of disintegration {zapped: 2} (will waste charges)
Press: ? - help, Shift-Dir - straight line, f/p - frost giant
Aim: a frost giant, wielding a battleaxe of freezing (almost dead, chance to defeat MR: 16%)
The frost giant resists with almost no effort.
Evoking this partially-identified wand wasted a few charges.
The frost giant hits you with a battleaxe of freezing!
* * * LOW HITPOINT WARNING * * *
The frost giant freezes you.
* * * LOW HITPOINT WARNING * * *
The anubis guard howls a warning cry!
Drink which item? (? for menu, Esc to quit)
You feel better.
The anubis guard hits you but does no damage.
You block the anubis guard's attack. The frost giant barely misses you.
Evoke which item? (* to show all) (? for menu, Esc to quit)
You draw a card...
It is Swap.
You swap places with the frost giant.
The anubis guard closely misses you. You block the anubis guard's attack.
The frost giant hits you with a battleaxe of freezing!!
You die...
Your body glows with a rainbow of weird colours and disappears.

#.......# ####'####
######..# #≈≈...≈≈#
######..# #≈..#..≈#
........# #.#(#.#.#
.......######.≈(≈.≈.#
######......#.≈...≈.#
# #.######.≈.(.≈.#
######.# #.##(##.#
.......# #.#C@.#.#
######## #.#HG.#,#
#.).[.).# #########


You could see a frost giant, an anubis guard and an eye of draining.

Vanquished Creatures
  Roxanne (D:14)
  Maud (D:13)
  The ghost of Amnesiac the Peltast, a journeyman MfFi of Pakellas (Elf:1)
  An orc warlord (Orc:1)
  A deep elf sorcerer (Elf:1)
  A deep elf death mage (Elf:1)
  A deep elf high priest (Elf:1)
  A yaktaur captain (D:14)
  3 hydras
  2 catoblepae
  3 dancing weapons (Elf:1)
  A tengu warrior (D:15)
  2 centaur warriors
  6 orc high priests
  Urug (D:13)
  8 deep elf knights
  Nergalle (D:11)
  3 skeletal warriors (D:11)
  3 unseen horrors
  8 deep elf archers (Elf:1)
  7 hill giants
  9 orc knights
  A wolf spider (D:15)
  A wizard (D:13)
  2 ugly things
  2 orc sorcerers
  24 deep elf magi
  2 griffons
  4 manticores
  6 cyclopes
  The ghost of magog001 the Covered, a novice MiFi of Nemelex Xobeh (D:5)
  The ghost of magog001 the Shield-Bearer, a novice MiFi of Nemelex Xobeh (D:6)
  Joseph (D:10)
  4 centaur zombies
  A gargoyle (D:10)
  2 rime drakes (D:15)
  2 yaktaurs (D:14)
  2 komodo dragons
  A queen bee (D:12)
  11 trolls
  2 two-headed ogres
  A blink frog (D:14)
  A vampire (D:10)
  3 air elementals (Elf:1)
  4 shadows
  30 yaks
  9 wyverns
  A wraith (D:11)
  2 fire elementals (Elf:1)
  3 basilisks
  2 hungry ghosts
  14 hippogriffs
  12 wargs
  Menkaure (D:4)
  2 vampire mosquitoes (D:12)
  A swamp worm (D:11)
  3 water moccasins
  A hell hound (D:15)
  49 orc warriors
  4 ice beasts
  5 sky beasts
  A black bear (D:8)
  A black bear (shapeshifter) (D:12)
  5 phantoms
  12 ogres
  An eye of draining (D:12)
  A wasp (D:13)
  14 centaurs
  4 crocodiles
  2 big kobolds
  8 giant frogs
  3 earth elementals (Elf:1)
  3 scorpions
  27 killer bees
  8 wights
  6 howler monkeys
  3 giant frog zombies
  A quasit (D:8)
  5 jellies
  5 crimson imps
  5 giant frog skeletons
  7 hounds
  22 orc priests
  35 orc wizards
  5 centaur skeletons
  4 iguanas
  14 worker ants
  A hound zombie (D:7)
  3 hound skeletons
  A howler monkey skeleton (D:5)
  11 adders
  27 gnolls
  3 river rats
  3 shadow imps
  An adder skeleton (D:8)
  2 worms
  3 dart slugs
  3 giant geckos
  104 orcs
  4 giant cockroaches
  17 hobgoblins
  6 jackals
  23 kobolds
  4 quokkas
  6 ball pythons
  8 bats
  A giant gecko zombie (D:8)
  9 giant newts
  12 goblins
  11 rats
748 creatures vanquished.

Vanquished Creatures (collateral kills)
  A deep elf elementalist (Elf:1)
  4 yaks (D:12)
  A sky beast (D:12)
  An orc priest (D:12)
  An orc wizard (D:12)
8 creatures vanquished.

Vanquished Creatures (others)
  An orc warrior (D:7)
  2 big kobolds (D:7)
  A giant frog (D:7)
  A howler monkey (D:7)
  2 orc wizards (D:7)
  An adder (D:7)
  A quokka (D:7)
  2 fungi (Orc:2)
11 creatures vanquished.

Grand Total: 767 creatures vanquished

Notes
Turn   | Place    | Note
--------------------------------------------------------------
     0 | D:1      | magog001 the Minotaur Fighter began the quest for the Orb.
     0 | D:1      | Reached XP level 1. HP: 19/19 MP: 0/0
   218 | D:1      | Reached XP level 2. HP: 27/27 MP: 1/1
   505 | D:2      | Reached XP level 3. HP: 6/33 MP: 2/2
   851 | D:2      | Found an ancient bone altar of Kikubaaqudgha.
   985 | D:2      | Found a stormy altar of Qazlal.
  1449 | D:2      | Reached XP level 4. HP: 31/40 MP: 3/3
  1455 | D:2      | Reached skill level 5 in Shields
  2045 | D:3      | Found a glowing drain.
  2053 | Sewer    | Entered a sewer
  2243 | Sewer    | Reached XP level 5. HP: 45/47 MP: 4/4
  2738 | D:3      | Reached skill level 5 in Armour
  3229 | D:3      | Reached XP level 6. HP: 41/53 MP: 5/5
  3906 | D:3      | Found a deep blue altar of Sif Muna.
  3907 | D:3      | Found a shadowy altar of Dithmenos.
  3907 | D:3      | Found a sacrificial altar of Ru.
  3909 | D:3      | Found a blossoming altar of Fedhas.
  3911 | D:3      | Found a basalt altar of Yredelemnul.
  3912 | D:3      | Found a radiant altar of Vehumet.
  3973 | D:4      | Noticed Menkaure
  3981 | D:4      | Killed Menkaure
  3981 | D:4      | Reached skill level 5 in Fighting
  3985 | D:4      | Reached XP level 7. HP: 36/61 MP: 6/6
  4528 | D:5      | Entered Level 5 of the Dungeon
  4831 | D:5      | Found a shattered altar of Ashenzari.
  4835 | D:5      | Reached skill level 5 in Axes
  4869 | D:5      | Reached XP level 8. HP: 55/70 MP: 7/7
  5096 | D:5      | Found a staircase to the Ecumenical Temple.
  5293 | Temple   | Entered the Ecumenical Temple
  5308 | Temple   | Became a worshipper of Nemelex Xobeh the Trickster
  5502 | D:5      | Noticed magog001's ghost (novice MiFi)
  5530 | D:5      | Killed magog001's ghost
  5700 | D:6      | Received a gift from Nemelex Xobeh
  5970 | D:6      | Found Myampon's Book Shop.
  6007 | D:6      | Noticed magog001's ghost (novice MiFi)
  6033 | D:6      | Killed magog001's ghost
  6033 | D:6      | Reached XP level 9. HP: 35/78 MP: 8/8
  6469 | D:6      | Reached skill level 1 in Stealth
  6512 | D:6      | Found Fejevir's Antique Armour Emporium.
  6520 | D:6      | Bought a fine chain mail for 256 gold pieces
  6530 | D:6      | Identified the +3 chain mail of Quantum Leap {Dex+4} (You bought it in a shop on level 6 of the Dungeon)
  6648 | D:7      | Found a shimmering altar of Xom.
  6735 | D:7      | Found a flagged portal.
  6751 | Bailey   | Entered a bailey
  7819 | D:7      | Reached * piety under Nemelex Xobeh
  8235 | D:7      | Received a gift from Nemelex Xobeh
  8306 | D:7      | Found an opulent altar of Gozag.
  8308 | D:7      | Found a bloodstained altar of Trog.
  8310 | D:7      | Found an iron altar of Okawaru.
  8310 | D:7      | Found a glowing golden altar of the Shining One.
  8715 | D:8      | Reached skill level 10 in Shields
  8901 | D:8      | Got an ichor-stained plate armour
  8912 | D:8      | Identified the cursed +0 plate armour of Vanity {*Confuse +Inv rPois SInv} (You found it on level 8 of the Dungeon)
  9123 | D:8      | Found Ynaum's Weapon Boutique.
  9214 | D:8      | Bought a +2 war axe of freezing for 256 gold pieces
  9424 | D:9      | Reached XP level 10. HP: 88/88 MP: 9/9
  9429 | D:9      | Received a gift from Nemelex Xobeh
  9453 | D:9      | Reached ** piety under Nemelex Xobeh
  9952 | D:9      | Reached skill level 10 in Armour
 10142 | D:9      | Got an ichor-stained ring mail
 10184 | D:9      | Identified the +4 ring mail of Contentment {Int-5 Dex+7} (You found it on level 9 of the Dungeon)
 10184 | D:9      | Lost intelligence.
 10452 | D:10     | Entered Level 10 of the Dungeon
 10485 | D:10     | Reached *** piety under Nemelex Xobeh
 10502 | D:10     | Noticed an unseen horror
 10514 | D:10     | Killed an unseen horror
 10765 | D:10     | Noticed a gargoyle
 10786 | D:10     | Reached skill level 10 in Axes
 10791 | D:10     | Killed a gargoyle
 10913 | D:10     | Noticed Joseph
 10961 | D:10     | Reached XP level 11. HP: 43/97 MP: 10/10
 10969 | D:10     | Killed Joseph
 11464 | D:10     | Found a glowing golden altar of the Shining One.
 11520 | D:10     | Gained mutation: Armour fits poorly on your strangely shaped body. [mutagenic meat]
 11521 | D:10     | Lost mutation: Armour fits poorly on your strangely shaped body. [potion of cure mutation]
 11649 | D:10     | Received a gift from Nemelex Xobeh
 11807 | D:11     | Noticed Nergalle
 11807 | D:11     | Noticed a hill giant
 11815 | D:11     | Killed Nergalle
 11818 | D:11     | Killed a hill giant
 12140 | D:11     | Noticed a skeletal warrior
 12142 | D:11     | Found a staircase to the Lair.
 12143 | D:11     | Noticed a skeletal warrior
 12156 | D:11     | Killed a skeletal warrior
 12158 | D:11     | Noticed a skeletal warrior
 12184 | D:11     | Killed a skeletal warrior
 12199 | D:11     | Killed a skeletal warrior
 12540 | D:11     | Reached skill level 10 in Fighting
 12655 | D:11     | Reached skill level 1 in Throwing
 12823 | D:11     | Noticed Fannar
 12854 | D:11     | Noticed Fannar
 12854 | D:11     | Fannar changed into Fannar the swamp worm
 12857 | D:11     | Killed Fannar the swamp worm
 13225 | D:11     | Gained mutation: You are agile. (Dex +2) [mutagenic meat]
 13226 | D:11     | Gained mutation: You have sharp toenails. [mutagenic meat]
 13454 | D:11     | Noticed an unseen horror
 13458 | D:11     | Killed an unseen horror
 13499 | D:11     | Noticed a hill giant
 13513 | D:11     | Killed a hill giant
 13513 | D:11     | Reached XP level 12. HP: 61/107 MP: 11/11
 13752 | D:12     | Noticed an eight-headed hydra
 13758 | D:12     | Killed an eight-headed hydra
 14862 | D:12     | Received a gift from Nemelex Xobeh
 15270 | D:12     | Found a staircase to the Orcish Mines.
 15275 | Orc:1    | Entered Level 1 of the Orcish Mines
 15611 | Orc:1    | Found a roughly hewn altar of Beogh.
 15689 | Orc:2    | Entered Level 2 of the Orcish Mines
 15689 | Orc:2    | Found a staircase to the Elven Halls.
 15689 | Orc:2    | Received a gift from Nemelex Xobeh
 15689 | Orc:2    | Found Sauc's Assorted Antiques.
 15707 | Orc:2    | Found Votax's Food Boutique.
 15719 | Orc:2    | Found Semor's Magic Scroll Shoppe.
 15757 | Orc:2    | Noticed an orc high priest
 16225 | Orc:1    | Paralysed by an orc sorcerer for 7 turns
 16546 | Orc:1    | Killed an orc high priest
 16546 | Orc:1    | Reached XP level 13. HP: 117/118 MP: 12/12
 16683 | Orc:2    | Bought a pair of runed gloves for 166 gold pieces
 16683 | Orc:2    | Bought an encrusted iron wand for 148 gold pieces
 16716 | Orc:2    | Bought an encrusted fluorescent wand for 148 gold pieces
 16727 | Orc:2    | Paralysed by an orc sorcerer for 2 turns
 16732 | Orc:2    | Paralysed by an orc sorcerer for 7 turns
 17205 | Orc:2    | Found Xakhufac's General Store.
 17424 | Orc:2    | Reached **** piety under Nemelex Xobeh
 17447 | Orc:2    | Noticed an orc warlord
 18151 | Orc:2    | Found Hadomein's Antique Armour Shoppe.
 18152 | Orc:2    | Received a gift from Nemelex Xobeh
 18241 | Orc:1    | Killed an orc warlord
 18241 | Orc:1    | Reached skill level 15 in Shields
 18587 | Orc:1    | Reached skill level 1 in Spellcasting
 18587 | Orc:1    | Reached XP level 14. HP: 129/129 MP: 12/15
 18687 | Orc:2    | Found Ruodoupim's Antique Weapon Shoppe.
 18701 | Orc:2    | Found Ebulel's Book Shop.
 18763 | Orc:2    | Bought a scroll of identify for 26 gold pieces
 18763 | Orc:2    | Bought a scroll of identify for 26 gold pieces
 18763 | Orc:2    | Bought a scroll of identify for 26 gold pieces
 18763 | Orc:2    | Bought a scroll of fear for 45 gold pieces
 18896 | Orc:1    | Received a gift from Nemelex Xobeh
 19216 | Orc:1    | Received a gift from Nemelex Xobeh
 19263 | Orc:1    | You fall through a shaft!
 19279 | Orc:2    | Bought a scroll of identify for 26 gold pieces
 19279 | Orc:2    | Bought a scroll of fear for 45 gold pieces
 19279 | Orc:2    | Bought a scroll of identify for 26 gold pieces
 19299 | Elf:1    | Entered Level 1 of the Elven Halls
 19341 | Elf:1    | Noticed Amnesiac's ghost (journeyman MfFi)
 19384 | Elf:1    | Killed Amnesiac's ghost
 19739 | Elf:1    | Found Tazu's Armour Shop.
 20316 | Orc:2    | Reached skill level 15 in Axes
 21291 | Elf:1    | Received a gift from Nemelex Xobeh
 21589 | Elf:1    | Reached XP level 15. HP: 137/137 MP: 16/16
 22612 | Elf:1    | Noticed a deep elf sorcerer
 22624 | Elf:1    | Killed a deep elf sorcerer
 22686 | Elf:1    | HP: 6/138 [deep elf archer/arrow (13)]
 23394 | Elf:1    | Reached skill level 15 in Armour
 23513 | Elf:1    | Received a gift from Nemelex Xobeh
 24009 | D:13     | Noticed Urug
 24009 | D:13     | Noticed Maud
 24032 | D:13     | Killed Urug
 24041 | D:13     | Killed Maud
 24704 | D:13     | Reached ***** piety under Nemelex Xobeh
 24704 | D:13     | Received a gift from Nemelex Xobeh
 24767 | D:13     | Gained mutation: Your body sometimes deteriorates upon taking damage. [mutagenic meat]
 24955 | D:14     | Noticed Roxanne
 24980 | D:14     | Killed Roxanne
 24982 | D:14     | Identified Roxanne's Compendium of Earth (You took it off Roxanne on level 14 of the Dungeon)
 25482 | D:14     | Found Ataheot's Antique Weapon Boutique.
 25522 | D:14     | Found a gate to the Vaults.
 25975 | D:14     | Received a gift from Nemelex Xobeh
 26473 | D:15     | Entered Level 15 of the Dungeon
 26672 | D:15     | Found a glowing golden altar of the Shining One.
 26854 | D:15     | Reached skill level 15 in Fighting
 26888 | D:15     | Reached XP level 16. HP: 118/149 MP: 17/17
 27451 | D:15     | Found a staircase to the Depths.
 27465 | D:15     | Slain by a frost giant

Skill      XL: |  1  2  3  4  5  6  7  8  9 10 11 12 13 14 15 16 |
---------------+-------------------------------------------------+-----
Shields        | 4 5 6 7 9 10 11 12 14 15 16 17 | 17.0
Armour         | 4 5 6 8 9 11 12 13 14 15 | 15.7
Fighting       | 4 5 6 7 9 10 12 13 15 | 15.1
Axes           | 3 5 7 8 10 11 13 14 15 17 | 17.6
Stealth        | 1 2 |  2.4
Throwing       | 1 |  1.3
Spellcasting   | 1 |  1.4
Evocations     | |  0.1

Action                   |  1- 3 |  4- 6 |  7- 9 | 10-12 | 13-15 | 16-18 || total
-------------------------+-------+-------+-------+-------+-------+-------++-------
Melee: War axe           |    90 |   200 |   404 |   660 |   966 |    83 ||  2403
       Headbutt          |    10 |    34 |    91 |   164 |   282 |    31 ||   612
Throw: Throwing net      |       |     1 |     2 |       |       |       ||     3
       Tomahawk          |       |       |     9 |    36 |    21 |       ||    66
Evoke: Deck              |       |       |       |     8 |    12 |     3 ||    23
       Phantom mirror    |       |       |       |     1 |       |       ||     1
       Wand              |       |       |       |     1 |    26 |     2 ||    29
  Use: Potion            |     2 |     2 |     3 |    13 |     7 |     2 ||    29
       Scroll            |     4 |     3 |    14 |     2 |     9 |     1 ||    33
 Stab: Petrified         |       |       |       |       |     1 |     1 ||     2
       Petrifying        |       |       |       |       |       |     2 ||     2
  Eat: Chunk             |     2 |     1 |     6 |    17 |     5 |       ||    31
       Meat ration       |       |     1 |     2 |     2 |     2 |       ||     7
       Bread ration      |       |     1 |       |     1 |     2 |     1 ||     5
       Beef jerky        |       |       |     1 |     1 |     3 |       ||     5
       Pizza             |       |       |       |     1 |       |       ||     1
       Royal jelly       |       |       |       |       |     2 |       ||     2
       Fruit             |       |       |       |       |     2 |       ||     2
Armor: Scale mail        |    58 |    65 |    74 |       |       |       ||   197
       Ring mail         |       |     5 |       |       |       |       ||     5
       Chain mail        |       |       |    78 |       |       |       ||    78
       Plate armour      |       |       |    12 |   378 |   347 |    53 ||   790
       Skin              |       |       |       |     4 |       |       ||     4
Dodge: Dodged            |    57 |    59 |   106 |   164 |   180 |    24 ||   590
Block: Shield            |    93 |   126 |   277 |   535 |   597 |    68 ||  1696
